 Dungeon Crawl Stone Soup version 0.16.1-4-g8e1b745 (console) character file.

42 gw the Ducker (level 3, 0/15 HPs)
             Began as a Felid Earth Elementalist on Mar 27, 2015.
             Succumbed to an adder's poison
             ... on level 2 of the Dungeon.
             The game lasted 00:01:14 (1360 turns).

gw the Ducker (Felid Earth Elementalist)            Turns: 1360, Time: 00:01:14

Health: 0/15       AC:  3    Str:  8    XL:     3   Next: 35%
Magic:  1/8        EV: 18    Int: 17    God:
Gold:   44         SH:  0    Dex: 16    Spells: 3 memorised, 1 level left
                                        Lives:  0   Deaths: 0

rFire  . . .     SeeInvis +       - Unarmed
rCold  . . .     Clarity  .     (armour unavailable)
rNeg   . . .     SustAb   .     (shield unavailable)
rPois  .         Gourm    .     (helmet unavailable)
rElec  .         Spirit   .     (cloak unavailable)
rCorr  .         Warding  .     (gloves unavailable)
rMut   .         Stasis   .     (boots unavailable)
MR     .....                    (no amulet)
Stlth  +++.......               (no ring)
                                c - +4 ring of strength

@: lethally poisoned (0 -> -13), stone skin, quick, not resistant to hostile
enchantments, fairly stealthy
A: paw claws, no armour, no weapons or thrown items, fangs 3, see invisible,
carnivore 3, speed 1, shaggy fur 1, slow metabolism 1, sharp paws
a: no special abilities


You were on level 2 of the Dungeon.
You were very full.

You visited 1 branch of the dungeon, and saw 2 of its levels.

You collected 44 gold pieces.

Inventory:

Missiles
 b - 24 stones
Jewellery
 c - a +4 ring of strength (left paw)
Scrolls
 e - a scroll of recharging
 f - a scroll of identify {unknown}
Potions
 h - a potion of haste {unknown}
Books
 d - a book of Geomancy

   Spells                             Type                      Level
   a - Sandblast                      Earth                        1
   b - Stoneskin                      Transmutation/Earth          2
   c - Passwall                       Transmutation/Earth          3
   d - Stone Arrow                    Conjuration/Earth            3
   e - Petrify                        Transmutation/Earth          4
   f - Lee's Rapid Deconstruction     Earth                        5
Comestibles
 a - a meat ration
 g - a royal jelly


   Skills:
 + Level 1.2 Fighting
 + Level 3.1 Dodging
 - Level 2.6 Stealth
 + Level 1.0 Unarmed Combat
 * Level 2.6 Spellcasting
 - Level 1.1 Transmutations
 + Level 2.9 Earth Magic


You had one spell level left.
You knew the following spells:

 Your Spells              Type           Power        Failure   Level  Hunger
a - Sandblast             Erth           ##....       6%          1    #......
b - Stoneskin             Trmt/Erth      #.......     14%         2    ##.....
c - Stone Arrow           Conj/Erth      #.....       30%         3    ###....


Dungeon Overview and Level Annotations

Branches:
Dungeon (2/15)

Altars:


Innate Abilities, Weirdness & Mutations

You cannot wear armour.
You are incapable of wielding weapons or throwing items.
You have razor-sharp teeth.
You have supernaturally acute eyesight.
You are carnivorous and can eat meat at any time.
You cover ground quickly.
You are covered in fur (AC +1).
You have a slow metabolism.
Your paws have sharp claws that are effective at stabbing.


Message History

FLEEEEING!
MOVING TO (8,1)
You feel sick.
The adder is no longer bleeding.
The adder completely misses you.
Unknown command.
Unknown command.
Unknown command.
MOVING TO (7,2)
The adder bites you.
You are more poisoned.
The adder poisons you!
Unknown command.
Unknown command.
Unknown command.
MOVING TO (6,2)
You feel sick.
Unknown command.
Unknown command.
Unknown command.
MOVING TO (5,2)
You die...

##### >..# #
#.########### #.
#.....S.h...#
#.###.##......#.#
#.....##...#......
###.####......#.##
#.# #..###.#.#
####.####..# .# #
#.......#... ..
#.##.##.#### ... #
#......# .


You could see an adder.

Table legend:
 A = Turns spent in this place as a percentage of turns spent in the entire game.
 B = Non-inter-level travel turns spent in this place as a percentage of non-inter-level travel turns spent in the entire game.
 C = Inter-level travel turns spent in this place as a percentage of turns spent in this place.
 D = Turns resting spent in this place as a percentage of non-inter-level travel turns spent in this place.
 E = Turns spent auto-exploring this place as a percentage of non-inter-level travel turns spent in this place.
 F = Non-inter-level travel turns spent in this place divided by the number of levels of this place that you've seen.
                   A       B       C       D       E      F
               +-------+-------+-------+-------+-------+----------------------
         Total | 100.0 | 100.0 |   1.4 |   2.5 |   2.4 | 891.5
       Dungeon | 100.0 | 100.0 |   1.4 |   2.5 |   2.4 | 891.5
               +-------+-------+-------+-------+-------+----------------------

Table legend:
 A = Kills in this place as a percentage of kills in entire the game.
 B = Kills by you in this place as a percentage of kills by you in the entire game.
 C = Kills by friends in this place as a percentage of kills by friends in the entire game.
 D = Other kills in this place as a percentage of other kills in the entire game.
 E = Experience gained in this place as a percentage of experience gained in the entire game.
 F = Experience gained in this place divided by the number of levels of this place that you have seen.
                   A       B       C       D       E      F
               +-------+-------+-------+-------+-------+----------------------
         Total | 100.0 | 100.0 |  -nan |  -nan | 100.0 |  30.5
       Dungeon | 100.0 | 100.0 |  -nan |  -nan | 100.0 |  30.5
               +-------+-------+-------+-------+-------+----------------------

Vanquished Creatures
  An adder (D:2)
  A giant mite (D:2)
  A worm (D:2)
  A giant gecko (D:1)
  An ooze (D:1)
  A giant cockroach (D:2)
  2 hobgoblins (D:1)
  5 kobolds (D:1)
  4 bats (D:1)
  4 goblins (D:1)
  2 rats (D:1)
23 creatures vanquished.

Notes
Turn   | Place    | Note
--------------------------------------------------------------
     0 | D:1      | gw, the Felid Earth Elementalist, began the quest for the Orb.
     0 | D:1      | Reached XP level 1. HP: 7/7 MP: 4/4
   421 | D:1      | Reached XP level 2. HP: 12/12 MP: 2/5
   456 | D:1      | Learned a level 2 spell: Stoneskin
  1083 | D:2      | Reached skill level 1 in Fighting
  1083 | D:2      | Reached skill level 3 in Dodging
  1231 | D:2      | Reached skill level 1 in Unarmed Combat
  1231 | D:2      | Reached XP level 3. HP: 10/15 MP: 0/8
  1333 | D:2      | Learned a level 3 spell: Stone Arrow
  1360 | D:2      | Succumbed to an adder's poison

Action                   || total
-------------------------++-------
Melee: Unarmed           ||    30
 Cast: Sandblast         ||    34
       Stoneskin         ||    10
  Use: Potion            ||     2
       Scroll            ||     1
  Eat: Chunk             ||     8

Vault maps used:
D:1:      nagdon_arrival_zigzag_paths
